 Dungeon Crawl Stone Soup version 0.22-a0-443-g17c3723 (webtiles) character file.

263 emperorscorpion the Sneak (level 5, -5/22 HPs)
             Began as a Spriggan Enchanter on June 1, 2018.
             Was an Initiate of Hepliaklqana.
             Killed from afar by an orc wizard (9 damage)
             ... with a magic dart
             ... on level 3 of the Dungeon.
             The game lasted 00:13:14 (3352 turns).

emperorscorpion the Sneak (Spriggan Enchanter)      Turns: 3352, Time: 00:13:16

Health: -5/22      AC:  3    Str:  4    XL:     5   Next: 97%
Magic:  4/11       EV: 19    Int: 18    God:    Hepliaklqana [......]
Gold:   41         SH:  0    Dex: 16    Spells: 2/11 levels left

rFire    . . .     SeeInvis +   a - +0 dagger (drain)
rCold    . . .     Gourm    .   (shield restricted)
rNeg     . . .     Faith    .   b - +1 robe
rPois    .         Spirit   .   (helmet restricted)
rElec    .         Reflect  .   (no cloak)
rCorr    .         Harm     .   (gloves unavailable)
MR       .....                  (boots unavailable)
Stlth    ++++......             (no amulet)
HPRegen  0.07/turn              (no ring)
MPRegen  0.12/turn              (no ring)

@: very slightly contaminated, very quick
A: very small, unfitting armour, reduced essence, see invisible, herbivore,
speed 3, slow metabolism 2
a: Recall Ancestor, Ancestor Identity, Renounce Religion


You were on level 3 of the Dungeon.
You worshipped Hepliaklqana.
Hepliaklqana was noncommittal.
You were near starving.

You visited 1 branch of the dungeon, and saw 3 of its levels.

You collected 41 gold pieces.

Inventory:

Hand Weapons
 a - a +0 dagger of draining (weapon)
 c - a +2 dagger
 l - a +0 dagger of holy wrath
 o - a cursed -1 dagger
Missiles
 e - 63 bolts
 f - 42 arrows
 h - 66 stones (quivered)
 m - 22 sling bullets
Armour
 b - a +1 robe (worn)
Jewellery
 j - an uncursed ring of see invisible
 k - an uncursed ring of fire
Scrolls
 g - a scroll of immolation
 i - a scroll of identify
Potions
 n - 2 potions of flight
 p - a potion of berserk rage {unknown}
Comestibles
 d - 6 rations


   Skills:
 + Level 0.5 Fighting
 + Level 2.7 Short Blades
 + Level 0.4 Throwing
 + Level 3.9 Dodging
 + Level 6.9 Stealth
 + Level 3.9 Spellcasting
 + Level 4.4 Hexes
 + Level 1.0 Ice Magic


You had 2 spell levels left.
You knew the following spells:

 Your Spells              Type           Power        Failure   Level  Hunger
a - Corona                Hex            ###....      2%          1    None
b - Ensorcelled Hibernat  Hex/Ice        ##....       8%          2    ##.....
c - Confuse               Hex            ###.....     8%          3    ###....
d - Dazzling Spray        Conj/Hex       ##....       19%         3    ###....

Your spell library contained the following spells:

 Spells                   Type           Power        Failure   Level  Hunger
 Animate Dead             Necr           N/A          83%         4    ####...
 Pain                     Necr           #...         16%         1    None
 Animate Skeleton         Necr           N/A          16%         1    None
 Vampiric Draining        Necr           #.........   41%         3    ###....
 Regeneration             Chrm/Necr      #.........   41%         3    ###....
 Tukima's Dance           Hex            ###.....     8%          3    ###....


Dungeon Overview and Level Annotations

Branches:
Dungeon (3/15)

Altars:
Gozag
Hepliaklqana
Ru
Zin
The Shining One


Innate Abilities, Weirdness & Mutations

You are very small and have problems with some larger weapons.
You are too small for most types of armour.
You have supernaturally acute eyesight. (SInv)
You are a herbivore.
You cover ground extremely quickly.
You need to consume almost no food.
Your life essence is reduced to manifest your ancestor. (-10% HP)


Message History

You barely miss the rat.
The rat is moderately wounded.
The rat misses you.
You hit the rat but do no damage. You drain the rat!
You kill the rat!
You hit the kobold but do no damage. You drain the kobold!
You kill the kobold!
Items here: )) ††† a hand axe; a dagger; a rat corpse; an orc corpse x2
You barely miss the orc wizard.
The orc wizard is severely wounded.
The orc wizard hits you with a dagger.
* * * LOW HITPOINT WARNING * * *
You hit the orc wizard but do no damage.
The orc wizard is severely wounded.
The dart slug launches a dart at you.
The slug dart hits the orc wizard.
The orc wizard casts a spell at you. The magic dart hits you!
You die...

#..R..#.......####..######
#...#R#..#.##.# #..######
#...#.#..#.##.# #.........
#...#.#..#.##.####........#
'...............(..>#####.#
#...#.#..#.#.....r........
#...#.#..†....(....%......
#.[.#.##.#.#..####w.......
..)...........(.@ooo......
###......##########.####..
#...<..##...## ... ..
#..).###.....## .....
###....)#.......# roK.#.
.##....)..)._...# ..
.##....##.......# ?
.#########.....## .#
##...##


You could see an orc wizard (invisible), a dart slug and 2 orcs.

Vanquished Creatures
  2 jellies (D:2)
  An orc wizard (D:3)
  A worker ant (D:3)
  3 adders
  7 oozes (D:2)
  3 worms
  3 leopard geckos
  3 orcs (D:3)
  3 giant cockroaches
  7 goblins
  3 hobgoblins
  A quokka (D:1)
  A ball python (D:2)
  6 bats
  2 frilled lizards (D:2)
  17 kobolds
  13 rats
76 creatures vanquished.

Vanquished Creatures (collateral kills)
  An ooze (D:2)
  3 orcs (D:3)
  A quokka (D:3)
  A rat (D:3)
6 creatures vanquished.

Vanquished Creatures (others)
  2 ancestors
  A fungus (D:2)
  8 toadstools (D:2)
11 creatures vanquished.

Grand Total: 93 creatures vanquished

Notes
Turn   | Place    | Note
-------+----------+-------------------------------------------
     0 | D:1      | emperorscorpion the Spriggan Enchanter began the quest for the Orb.
     0 | D:1      | Reached XP level 1. HP: 9/9 MP: 5/5
   418 | D:1      | Reached XP level 2. HP: 13/13 MP: 6/6
   469 | D:1      | Learned a level 2 spell: Ensorcelled Hibernation
   926 | D:1      | Reached skill level 5 in Stealth
  1293 | D:2      | Reached XP level 3. HP: 16/16 MP: 3/8
  1864 | D:2      | Found a glowing silver altar of Zin.
  2224 | D:2      | Found an opulent altar of Gozag.
  2296 | D:2      | Found a hazy altar of Hepliaklqana.
  2305 | D:2      | Became a worshipper of Hepliaklqana the Forgotten
  2318 | D:2      | Reached XP level 4. HP: 18/18 MP: 7/10
  2456 | D:2      | Reached skill level 6 in Stealth
  2534 | D:2      | Reached XP level 5. HP: 22/22 MP: 0/11
  2921 | D:3      | Learned a level 3 spell: Confuse
  2925 | D:3      | Learned a level 3 spell: Dazzling Spray
  3053 | D:3      | Found a glowing golden altar of the Shining One.
  3115 | D:3      | Found a sacrificial altar of Ru.
  3303 | D:3      | Reached skill level 1 in Ice Magic
  3352 | D:3      | Killed from afar by an orc wizard

Vault maps used:
D:1:      matt_arrival_refuge
D:2:      cheibrodos_fertilizer, overflow_temple_1_default,
          gammafunk_temple_overflow_wave
D:3:      lemuel_coloured_pillars_altar, tso_metal_star, lemuel_round_altar,
          first_ration

Skill      XL: |  1  2  3  4  5 |
---------------+----------------+-----
Hexes          | 4 |  4.4
Stealth        | 5 6 |  6.9
Spellcasting   | 3 |  3.9
Short Blades   | 2 |  2.7
Ice Magic      | 1 |  1.0
Fighting       | |  0.5
Throwing       | |  0.4
Dodging        | |  3.9

Action                   |  1- 3 |  4- 6 || total
-------------------------+-------+-------++-------
Melee: Dagger            |   106 |    71 ||   177
Throw: Stone             |     6 |    17 ||    23
 Cast: Corona            |     2 |       ||     2
       Ensorcelled Hiber |    36 |    20 ||    56
       Dazzling Spray    |       |     2 ||     2
Invok: Ancestor Identity |     1 |     1 ||     2
  Use: Scroll            |     6 |       ||     6
       Potion            |     3 |       ||     3
 Stab: Sleeping          |    24 |    13 ||    37
       Distracted        |     1 |       ||     1
  Eat: Ration            |       |     1 ||     1
Armor: Robe              |     8 |     2 ||    10
Dodge: Dodged            |    93 |    43 ||   136

Table legend:
 A = Spawn XP
 B = Non-spawn XP
 C = Spawn XP percentage of total XP
 D = Spawn monster count
 E = Non-spawn monster count
 F = Spawn count percentage of total count
 G = Total turns spent on level
                    A         B        C        D         E        F      G
               +---------+---------+-------+---------+---------+-------+---------
         Total |       0 |     376 |   0.0 |       0 |      82 |   0.0 |  3352
               +---------+---------+-------+---------+---------+-------+---------
           D:1 |       0 |      29 |   0.0 |       0 |      21 |   0.0 |  1036
           D:2 |       0 |     213 |   0.0 |       0 |      38 |   0.0 |  1867
           D:3 |       0 |     134 |   0.0 |       0 |      23 |   0.0 |   449
               +---------+---------+-------+---------+---------+-------+---------
